 Dungeon Crawl Stone Soup version 0.27.1-1-g398f81649c (webtiles) character file.

Game seed: 11289798474434682171

1080 acemry the Cleaver (level 8, 0/64 HPs)
             Began as a Minotaur Fighter on Sept 9, 2021.
             Succumbed to Dowan's poison
             ... on level 5 of the Dungeon.
             The game lasted 00:06:38 (3693 turns).

acemry the Cleaver (Minotaur Fighter)               Turns: 3693, Time: 00:06:39

Health: 0/64       AC:  8    Str: 24    XL:     8   Next: 8%
Magic:  7/7        EV: 13    Int: 11    God:
Gold:   23         SH:  0    Dex:  9    Spells: 7/7 levels left

rFire    + . .     SeeInvis .   a - +0 war axe (vorpal)
rCold    . . .     Faith    .   (no shield)
rNeg     . . .     Spirit   .   b - +0 scale mail
rPois    .         Reflect  .   h - +2 hat
rElec    .         Harm     .   (no cloak)
rCorr    .         Rampage  .   (no gloves)
Will     .....                  (no boots)
Stlth    ..........             (no amulet)
HPRegen  0.20/turn              e - +6 ring of intelligence
MPRegen  0.10/turn              f - +4 ring of evasion

@: lethally poisoned (0 -> -11), lit by a corona, glowing
A: horns 2, retaliatory headbutt, fire resistance 1, high mp 1, wild magic 1
a: no special abilities


You were on level 5 of the Dungeon.
You visited 1 branch of the dungeon, and saw 5 of its levels.

You collected 183 gold pieces.
You spent 160 gold pieces at shops.

Inventory:

Hand Weapons
 a - a +0 vorpal war axe (weapon)
Armour
 b - a +0 scale mail (worn)
 c - a +0 kite shield
 h - a +2 hat (worn)
Jewellery
 e - a +6 ring of intelligence (left hand)
 f - a +4 ring of evasion (right hand)
Wands
 k - a wand of flame (10)
Scrolls
 g - a scroll of identify
Potions
 d - 2 potions of heal wounds {unknown}
 i - a potion of brilliance
 j - a potion of attraction {unknown}
 l - 2 potions of berserk rage {unknown}
 m - a potion of invisibility {unknown}


   Skills:
 - Level 3.6 Fighting
 + Level 11.4 Axes
 - Level 3.6 Armour
 - Level 3.6 Shields


You had 7 spell levels left.
You didn't know any spells.
Your spell library contained the following spells:

 Spells                   Type           Power      Damage    Failure   Level
 Corona                   Hex            0%         N/A       71%         1
 Summon Small Mammal      Summ           0%         N/A       71%         1
 Blink                    Tloc           N/A        N/A       83%         2
 Ensorcelled Hibernation  Hex/Ice        0%         N/A       83%         2
 Call Canine Familiar     Summ           0%         N/A       96%         3
 Lesser Beckoning         Tloc           0%         N/A       96%         3
 Summon Guardian Golem    Hex/Summ       0%         N/A       96%         3
 Tukima's Dance           Hex            0%         N/A       96%         3
 Manifold Assault         Tloc           0%         N/A       100%        5


Dungeon Overview and Level Annotations

Branches:
Dungeon (5/15)
 Temple: D:4-7

Altars:
Gozag
Uskayaw
Wu Jian

Shops:
D:1 !   D:2 *   D:4 *

Annotations:
D:5 Dowan, Duvessa


Innate Abilities, Weirdness & Mutations

You have a pair of horns on your head.
You reflexively headbutt those who attack you in melee.
Your flesh is heat resistant. (rF+)
You have an increased reservoir of magic. (+10% MP)
Your spells are a little harder to cast, but a little more powerful.


Message History

* * * LOW HITPOINT WARNING * * *
Dowan closely misses you.
You barely miss Duvessa.
Duvessa is heavily wounded.
You closely miss Dowan. Duvessa hits you with a +0 short sword.
* * * LOW HITPOINT WARNING * * *
You slash Duvessa! Your headbutt misses Duvessa.
Duvessa is severely wounded.
You hit Dowan but do no damage.
Dowan hits you with a +2 dagger of venom.
* * * LOW HITPOINT WARNING * * *
Duvessa hits you with a +0 short sword.
* * * LOW HITPOINT WARNING * * *
You feel better.
Dowan hits you with a +2 dagger of venom.
* * * LOW HITPOINT WARNING * * *
You are poisoned.
Duvessa hits you with a +0 short sword.
* * * LOW HITPOINT WARNING * * *
You feel better. Dowan hits you but does no damage.
You are poisoned.
Duvessa hits you with a +0 short sword.
You barely miss Duvessa. Your headbutt misses Duvessa.
Duvessa is severely wounded.
You closely miss Dowan.
You feel very sick.
Dowan hits you with a +2 dagger of venom.
* * * LOW HITPOINT WARNING * * *
You are lethally poisoned!
Duvessa hits you with a +0 short sword.
* * * LOW HITPOINT WARNING * * *
You hit Duvessa.
Duvessa is almost dead.
You barely miss Dowan.
* * * LOW HITPOINT WARNING * * *
You feel very sick.
Dowan casts a spell.
Dowan blinks!
Duvessa hits you with a +0 short sword.
* * * LOW HITPOINT WARNING * * *
You die...

#....######
#..........
#..........
########..........
#>................
#..........#......
##.........#
######
#..e##.##.##
#....@...######
#...##........#
#...##.†......#
#e..##........##
#...............
#...##.)......#
....##<.........
#.############...
#. ..


You could see Duvessa and Dowan.

Vanquished Creatures
  Sigmund (D:4)
  2 black bears
  A necrophage (D:4)
  2 ogres
  A scorpion (D:4)
  A water moccasin skeleton (D:4)
  A jelly (D:4)
  2 howler monkeys
  A hound (D:4)
  An iguana (D:4)
  Natasha (twice) (D:4)
  2 hound skeletons (D:4)
  3 adders
  3 gnolls (D:2)
  4 worms
  3 dart slugs
  An orc (D:4)
  2 endoplasms
  2 giant cockroaches
  5 goblins
  5 hobgoblins
  2 jackals (D:2)
  4 kobolds
  6 quokkas
  3 ball pythons (D:1)
  A bat (D:3)
  5 frilled lizards
  3 rats (D:2)
69 creatures vanquished.

Notes
Turn   | Place    | Note
-------+----------+-------------------------------------------
     0 | D:1      | acemry the Minotaur Fighter began the quest for the Orb.
     0 | D:1      | Reached XP level 1. HP: 19/19 MP: 0/0
   201 | D:1      | Reached skill level 3 in Axes
   419 | D:1      | Found Zitin's Distillery.
   447 | D:1      | Reached XP level 2. HP: 26/26 MP: 1/1
   711 | D:2      | Reached skill level 4 in Axes
   713 | D:2      | Reached XP level 3. HP: 21/31 MP: 2/2
   902 | D:2      | Reached skill level 5 in Axes
   971 | D:2      | Found Paephoe's Assorted Antiques.
   976 | D:2      | Bought a murky sapphire potion for 22 gold pieces
   976 | D:2      | Bought a scroll labelled BATSAR ZAIGA for 25 gold pieces
   976 | D:2      | Bought a fuming green potion for 22 gold pieces
   976 | D:2      | Bought a scroll labelled TEICUB SOQUNA for 25 gold pieces
  1503 | D:3      | Reached XP level 4. HP: 34/39 MP: 3/3
  1598 | D:3      | Gained mutation: You evolve. [potion of mutation]
  1598 | D:3      | Gained mutation: You are weak. (Str -2) [potion of
                  | mutation]
  1598 | D:3      | Gained mutation: Your flesh is heat resistant. (rF+)
                  | [potion of mutation]
  1599 | D:3      | Lost mutation: You evolve. [potion of mutation]
  1599 | D:3      | Lost mutation: You are weak. (Str -2) [potion of mutation]
  1599 | D:3      | Gained mutation: Your spells are a little harder to cast,
                  | but a little more powerful. [potion of mutation]
  1599 | D:3      | Gained mutation: You have an increased reservoir of magic.
                  | (+10% MP) [potion of mutation]
  1604 | D:3      | Found an ornate altar of the Wu Jian Council.
  1609 | D:3      | Found a hide-covered altar of Uskayaw.
  2143 | D:4      | Noticed an ogre
  2158 | D:4      | Killed an ogre
  2159 | D:4      | Reached skill level 6 in Axes
  2159 | D:4      | Reached XP level 5. HP: 34/45 MP: 4/4
  2260 | D:4      | Noticed a necrophage
  2270 | D:4      | Killed a necrophage
  2271 | D:4      | Reached skill level 7 in Axes
  2330 | D:4      | Reached XP level 6. HP: 43/51 MP: 5/5
  2391 | D:4      | Found Bukhlec's Assorted Antiques.
  2445 | D:4      | Noticed Natasha
  2453 | D:4      | Killed Natasha
  2454 | D:4      | Reached skill level 8 in Axes
  2521 | D:4      | Noticed Sigmund
  2533 | D:4      | Killed Sigmund
  2534 | D:4      | Reached skill level 9 in Axes
  2802 | D:4      | Bought a scroll labelled PAOPLY LUIDD for 22 gold pieces
  2802 | D:4      | Bought a scroll labelled WALYOR ZOEZO for 22 gold pieces
  2802 | D:4      | Bought a scroll labelled ULUDIOSEIZ for 22 gold pieces
  2977 | D:4      | Noticed Natasha
  2992 | D:4      | Reached XP level 7. HP: 23/57 MP: 6/6
  2998 | D:4      | Killed Natasha
  3211 | D:4      | Found an opulent altar of Gozag.
  3301 | D:4      | Reached skill level 10 in Axes
  3548 | D:5      | Entered Level 5 of the Dungeon
  3559 | D:5      | Reached skill level 11 in Axes
  3585 | D:5      | Reached XP level 8. HP: 51/64 MP: 7/7
  3664 | D:5      | Noticed Duvessa
  3665 | D:5      | Noticed Dowan
  3692 | D:5      | HP: 3/64 [Duvessa (3)]
  3693 | D:5      | Succumbed to Dowan's poison

Illustrated notes

Levels and vault maps discovered:
D:1:      dpeg_arrival_boxes_within_box, layout_rooms, serial_shops, shop
D:2:      layout_basic, serial_shops, shop, feat_on_display
D:3:      layout_basic, nicolae_overflow_hidden_temple, dk_noncrumbling_4,
          minmay_misc_feat_doors
D:4:      minmay_chambers_of_threes, layout_basic,
          mainiacjoe_overflow_surrounded_room, nicolae_inconvenience_store,
          uniq_sigmund, uniq_natasha
D:5:      layout_basic, mainiacjoe_overflow_brackets, serial_shops,
          nicolae_shop_waterfront, kennysheep_big_empty_room,
          hangedman_abyss_or_decor_passed, uniq_duvessa

Skill      XL: |  1  2  3  4  5  6  7 |
---------------+----------------------+-----
Axes           | 3 4 5 6 7 9 11 | 11.4
Fighting       | |  3.6
Armour         | |  3.6
Shields        | |  3.6

Action                   |  1- 3 |  4- 6 |  7- 9 || total
-------------------------+-------+-------+-------++-------
Melee: War axe           |    58 |    67 |    61 ||   186
       Headbutt          |     7 |    11 |    11 ||    29
  Use: Scroll            |     5 |     5 |       ||    10
       Potion            |     2 |     5 |     2 ||     9
Armor: Scale mail        |    17 |    10 |    22 ||    49
Dodge: Dodged            |    50 |    46 |    34 ||   130
Block: Kite shield       |     1 |       |       ||     1
